 Dungeon Crawl Stone Soup version 0.32-a0-933-ga8fa3634e4 (webtiles) character file.

Game seed: 16294752092349300783

50 Heh the Slasher (level 3, -2/27 HPs)
             Began as a Coglin Gladiator on Apr 14, 2024.
             Succumbed to Terence's poison
             ... on level 2 of the Dungeon on Apr 15, 2024.
             The game lasted 00:03:28 (1151 turns).

Heh the Slasher (Coglin Gladiator)                  Turns: 1151, Time: 00:03:28

Health: -2/27      AC:  4    Str: 14    XL:     3   Next: 79%
Magic:  3/3        EV: 11    Int:  7    God:
Gold:   19         SH:  0    Dex: 17    Spells: 2/2 levels left

rFire   . . .        a - +0 long sword {Surjit}
rCold   . . .        f - +0 dagger {Tae}
rNeg    . . .        b - +0 leather armour
rPois   .            c - +0 helmet
rElec   .            (no cloak)
rCorr   .            (no gloves)
SInv    .            (no boots)
Will    .....        (amulet unavailable)
Stlth   +            (ring unavailable)
HPRegen 0.24/turn    (ring unavailable)
MPRegen 0.08/turn    (no gizmo)

%: no passive effects
@: lethally poisoned (-2 -> -16), hasted, revved, very quick
A: off-hand wielding, slow wielding, warmup strikes, no jewellery
a: Invent Gizmo


You were on level 2 of the Dungeon.
You visited 1 branch of the dungeon, and saw 2 of its levels.

You collected 19 gold pieces.

Inventory:

Hand Weapons
 a - a +0 long sword (weapon) {Surjit}
 f - a +0 dagger (offhand) {Tae}
Missiles
 d - 3 throwing nets (quivered)
 e - a javelin
Armour
 b - a +0 leather armour (worn)
 c - a +0 helmet (worn)
 k - a +0 ring mail
Scrolls
 g - 2 scrolls of teleportation {unknown}
 i - 2 scrolls of fear {unknown}
 j - a scroll of enchant weapon {unknown}
Potions
 l - a potion of degeneration {unknown}
 m - a potion of attraction {unknown}


   Skills:
 - Level 2.0 Fighting
 + Level 4.6 Long Blades
 - Level 1.7 Throwing
 - Level 2.6 Dodging


You had 2 spell levels left.
You didn't know any spells.
Your spell library contained the following spells:

 Spells                   Type           Power      Damage    Failure   Level
 Ignite Poison            Fire/Alch      0%         N/A       99%         4
 Petrify                  Alch/Erth      0%         N/A       99%         4
 Summon Blazeheart Golem  Fire/Summ      0%         N/A       99%         4


Dungeon Overview and Level Annotations

Branches:
Dungeon (2/15)

Altars:

Annotations:
D:2 Terence


Innate Abilities, Weirdness & Mutations

You can wield a second weapon in your off-hand.
It takes a long time for you to wield or remove held weapons.
Your first few attacks do less damage.
You cannot equip rings or amulets.


Message History

Terence misses you.
You hit Terence with your +0 long sword.
Terence is heavily wounded.
You hit Terence but do no damage. Terence closely misses you.
You hit Terence but do no damage.
Terence is heavily wounded.
You hit Terence but do no damage.
Terence hits you with a +1 flail of venom!
You are poisoned.
You completely miss Terence with your +0 long sword.
Terence is heavily wounded.
You hit Terence but do no damage.
You feel very sick. Terence barely misses you.
You hit Terence but do no damage.
Terence is moderately wounded.
You barely miss Terence with your +0 long sword.
You feel sick. Terence closely misses you.
You are too injured to fight recklessly!
You are too injured to fight recklessly!
You are too injured to fight recklessly!
Terence is nearby!
Terence is nearby!
Unknown command.
You hit Terence but do no damage.
Terence is moderately wounded.
You completely miss Terence with your +0 long sword.
You feel sick. Terence closely misses you.
You barely miss Terence with your +0 dagger.
Terence is moderately wounded.
You hit Terence but do no damage.
You feel sick. Terence barely misses you.
You hit Terence but do no damage.
Terence is moderately wounded.
You hit Terence but do no damage.
You feel sick.
Terence hits you with a +1 flail of venom!
* * * LOW HITPOINT WARNING * * *
You are more poisoned.
Okay, then.
It was a potion of haste.
You feel yourself speed up.
You die...

##.# ###..#
###...##
###...###
#...### #.###
#.# ##.#######
###.)#.@@..#
###...##.###.#
#...####.###
#.##.......#
#.
#.###'#.#.###
.
#............
##
#........###.
#............
#.........###


You could see Terence.

Vanquished Creatures
  2 gnolls (D:1)
  3 dart slugs (D:1)
  2 bats (D:1)
  4 endoplasms
  A giant cockroach (D:1)
  2 goblins (D:1)
  2 hobgoblins
  2 kobolds
  A quokka (D:1)
  A ball python (D:1)
  A frilled lizard (D:1)
  A rat (D:2)
22 creatures vanquished.

Notes
Turn   | Place    | Note
-------+----------+-------------------------------------------
     0 | D:1      | Heh the Coglin Gladiator began the quest for the Orb.
     0 | D:1      | Reached XP level 1. HP: 16/16 MP: 1/1
    40 | D:1      | Reached XP level 2. HP: 17/22 MP: 2/2
   230 | D:1      | Reached skill level 4 in Long Blades
   312 | D:1      | Reached XP level 3. HP: 25/27 MP: 3/3
  1133 | D:2      | Got the Codex of Rotation
  1139 | D:2      | Noticed Terence
  1151 | D:2      | Succumbed to Terence's poison

Illustrated notes

Levels and vault maps discovered:
D:1:      minmay_arrival_arboretum_small, layout_basic, roderic_lattice_a
D:2:      layout_basic, serial_shops, shop, hex_tiny, minivault_4, uniq_terence,
          uniq_natasha

Skill      XL: |  1  2 |
---------------+-------+-----
Long Blades    | 4 |  4.6
Fighting       | |  2.0
Throwing       | |  1.7
Dodging        | |  2.6

Action                     || total
---------------------------++-------
  Melee: Long sword        ||    64
         Dagger            ||    56
    Use: Potion            ||     1
   Stab: Sleeping          ||     1
 Armour: Leather armour    ||    31
  Dodge: Dodged            ||    43

Table legend: (Time is in decaauts)
 A = Elapsed time spent in this place.
 B = Non-inter-level travel time spent in this place.
 C = Inter-level travel time spent in this place.
 D = Time resting spent in this place.
 E = Time spent auto-exploring this place.
 F = Levels seen in this place.
 G = Mean time per level.
                   A        B        C        D        E       F      G
               +--------+--------+--------+--------+--------+-----+--------+
         Total |   1154 |   1007 |    147 |      0 |    836 |   2 |  577.0 |
       Dungeon |   1154 |   1007 |    147 |      0 |    836 |   2 |  577.0 |
               +--------+--------+--------+--------+--------+-----+--------+

Top non-repeatable levels by time:
     D:1: 1053 daAuts
     D:2: 101 daAuts
